 Dungeon Crawl Stone Soup version 0.31-a0-618-g7ca08c1ff9 (webtiles) character file.

Game seed: 1464329098803036540

2963 Hubris850 the Mimic (level 9, -15/81 HPs)
             Began as a Troll Shapeshifter on Aug 22, 2023.
             Was a Believer of Trog.
             Demolished by an ogre
             ... wielding a +0 giant spiked club
              (27 damage)
             ... on level 6 of the Dungeon.
             The game lasted 00:11:45 (4231 turns).

Hubris850 the Mimic (Troll Shapeshifter)            Turns: 4231, Time: 00:11:46

Health: -15/81     AC:  7    Str: 27    XL:     9   Next: 52%
Magic:  8/8        EV: 16    Int:  7    God:    Trog [**....]
Gold:   235        SH:  0    Dex: 12    Spells: 8/8 levels left

rFire   + .          .
                       - Unarmed
rCold   . . .        (shield currently unavailable)
rNeg    . . .        l - +2 robe {rF+}
rPois   +            (helmet restricted)
rElec   .            f - +0 cloak
rCorr   .            (gloves unavailable)
SInv    .            (boots unavailable)
Will    .....        o - amulet of regeneration
Stlth   +            n - ring of flight
HPRegen 1.93/turn    y - ring of the Magpie {Contam rPois EV+5 Int+3}
MPRegen 0.11/turn

%: no passive effects
@: about to teleport, flux-form, weakened, on berserk cooldown, flying, slowed,
glowing, very slow
A: glow, contaminating, large, unfitting armour, claws 3, regeneration 1, shaggy
fur 1, tough skin 1
a: Begin Untransformation, Renounce Religion, Berserk, Trog's Hand


You were on level 6 of the Dungeon.
You worshipped Trog.
Trog was pleased with you.
You were something dangerously unstable.
You visited 1 branch of the dungeon, and saw 6 of its levels.

You collected 235 gold pieces.

Inventory:

Hand Weapons
 i - the +7 flail "Beetle's Nightmare" {flame, Str+6}
   (You found it on level 4 of the Dungeon)

   Str+6:     It affects your strength (+6).
 v - a +1 morningstar
Missiles
 e - 10 poisoned darts
 h - 2 atropa-tipped darts
 s - 5 boomerangs
 t - a throwing net
Armour
 a - a +0 animal skin
 f - a +0 cloak (worn)
 j - a +0 robe of willpower
 l - a +2 robe of fire resistance (worn)
Jewellery
 n - a ring of flight (left claw)
 o - an amulet of regeneration (around neck)
 q - a ring of ice
 y - the ring of the Magpie (right claw) {Contam rPois EV+5 Int+3}
   (You found it on level 5 of the Dungeon)

   [ring of evasion]

   EV+5:      It affects your evasion (+5).
   Int+3:     It affects your intelligence (+3).
   rPois:     It protects you from poison Contam: It causes magical
   contamination when unequipped.
Talismans
 c - a beast talisman
 d - a flux talisman (active)
Wands
 m - a wand of charming (2)
 u - a wand of flame (10)
 A - a wand of light (3)
Scrolls
 p - 2 scrolls of poison
 r - a scroll of enchant weapon
 w - a scroll of identify
 x - 3 scrolls of teleportation
Potions
 b - a potion of lignification
 g - 2 potions of brilliance
 k - a potion of mutation
 B - a potion of might


   Skills:
 - Level 3.0 Fighting
 - Level 4.0 Dodging
 + Level 8.6 Unarmed Combat
 + Level 8.8 Shapeshifting


You had 8 spell levels left.
You didn't know any spells.
Your spell library contained the following spells:

 Spells                   Type           Power      Damage    Failure   Level
 Cigotuvi's Dreadful Rot  Necr/Pois/Air  0%         N/A       56%         2
 Ignite Poison            Fire/Tmut/Pois 0%         N/A       80%         3
 Freezing Cloud           Conj/Ice/Air   0%         6-21      100%        5


Dungeon Overview and Level Annotations

Branches:
Dungeon (6/15)             Temple (0/1) D:5

Altars:
Fedhas
Hepliaklqana
Kikubaaqudgha
Qazlal
Sif Muna
Trog
Vehumet
Xom

Shops:
D:3 (


Innate Abilities, Weirdness & Mutations

You are something dangerously unstable.
You glow with magical radiation, making you easy to see and hit.
Foes you strike become dangerously contaminated with magical radiation.
You are incapable of wielding weapons or throwing items.
You are too large for most types of armour.
You have claws for hands.
Your natural rate of healing is unusually fast.
You are covered in fur. (AC +1)
You have tough skin. (AC +1)


Message History

The orc warrior hits you but does no damage.
Something hits you but does no damage. The ogre closely misses you.
The orc priest barely misses you. The orc warrior misses you.
The orc priest calls down the wrath of Beogh upon you.
Beogh smites you!
* * * LOW HITPOINT WARNING * * *
Something barely misses you. The gnoll sergeant misses you.
The orc warrior closely misses you.
Something hits you but does no damage. x2
An ogre comes into view. It is wielding a +0 giant club.
The orc priest misses you.
The orc warrior hits you with a +0 battleaxe.
* * * LOW HITPOINT WARNING * * *
An orc priest comes into view. It is wielding a +0 flail.
Unknown command.
Unknown command.
The gnoll sergeant stops glowing.
The gnoll sergeant hits you from afar with a +0 trident of protection!
* * * LOW HITPOINT WARNING * * *
The gnoll sergeant hits you from afar with a +0 trident of protection.
* * * LOW HITPOINT WARNING * * *
The ogre misses you.
There is an open door, spattered with blood here.
Unknown command.
Unknown command.
You are too confused!
You feel better. The orc warrior completely misses you.
The gnoll bouda gazes fiercely through you!
You feel your attacks grow feeble.
The gnoll sergeant hits you from afar with a +0 trident of protection.
* * * LOW HITPOINT WARNING * * *
The orc warrior completely misses you. The ogre closely misses you.
The orc warrior misses you.
As you read the scroll of teleportation, it crumbles to dust.
You feel strangely unstable. The gnoll sergeant barely misses you.
The orc warrior barely misses you.
The orc warrior hits you with a +0 battleaxe.
* * * LOW HITPOINT WARNING * * *
The gnoll sergeant hits you but does no damage.
The ogre hits you with a +0 giant spiked club!!
You die...

'....' .... #######''######
............... .......o.......
###### o....o.o....... #....#
.....o.oY......
#....#########Og#####
#.)..'....)).Bo.'..... #
#'############################
#...................†....†...#
#~~≈~~≈~~≈~≈~~~~~~~~≈~~†≈††~†#
≈≈≈≈≈≈≈≈≈≈≈≈≈≈≈≈~~≈≈~≈≈≈≈≈≈≈≈≈≈≈≈
~~~~~~~≈~≈~~~~~~~~~~≈~~~~≈≈~†~≈≈~
.......P.........................
..........................P......
#################################


You could see a yak, 2 orc warriors, an ogre, a gnoll sergeant (swift) and 2 orc
priests.

Vanquished Creatures
  The ghost of SirDiesAlot the Changeling, a novice TrSh of Hepliaklqana (D:5)
  A troll (D:5)
  Sigmund (D:5)
  A water moccasin (D:5)
  Duvessa (D:5)
  2 black bears (D:5)
  An ogre (D:6)
  A centaur (D:5)
  A phantom (D:3)
  Blork the orc (D:5)
  2 scorpions
  Dowan (D:5)
  7 howler monkeys (D:6)
  7 hounds (D:6)
  A jelly (D:6)
  2 gnoll boudas
  8 orc priests
  2 sleepcaps
  Ijyb (D:5)
  3 iguanas
  5 orc wizards
  12 gnolls
  12 adders
  A white imp (D:6)
  An ufetubus (D:5)
  6 worms
  3 dart slugs
  24 orcs
  4 ball pythons
  3 bats
  4 endoplasms
  A giant cockroach (D:2)
  5 goblins
  5 hobgoblins
  3 quokkas
  A frilled lizard (D:1)
  5 kobolds
  8 rats
148 creatures vanquished.

Notes
Turn   | Place    | Note
-------+----------+-------------------------------------------
     0 | D:1      | Hubris850 the Troll Shapeshifter began the quest for the
                  | Orb.
     0 | D:1      | Reached XP level 1. HP: 18/18 MP: 0/0
   987 | D:1      | Reached XP level 2. HP: 26/26 MP: 1/1
  1507 | D:2      | Found a hazy altar of Hepliaklqana.
  1806 | D:3      | Noticed a phantom
  1808 | D:3      | Reached XP level 3. HP: 32/32 MP: 2/2
  1810 | D:3      | Killed a phantom
  1811 | D:3      | Reached XP level 4. HP: 34/40 MP: 3/3
  1838 | D:3      | Found Yrchauda's Weapon Boutique.
  1904 | D:3      | Noticed a scorpion
  1911 | D:3      | Killed a scorpion
  1912 | D:3      | Reached XP level 5. HP: 29/46 MP: 4/4
  2422 | D:4      | Reached XP level 6. HP: 33/54 MP: 5/5
  2498 | D:4      | Identified the +7 flail "Beetle's Nightmare" {flame, Str+6}
  2624 | D:4      | Found a bloodstained altar of Trog.
  3017 | D:4      | Became a worshipper of Trog the Wrathful
  3025 | D:5      | Entered Level 5 of the Dungeon
  3031 | D:5      | Found a runed translucent gate.
  3033 | D:5      | Noticed Blork the orc
  3049 | D:5      | Killed Blork the orc
  3050 | D:5      | Reached skill level 5 in Unarmed Combat
  3072 | D:5      | Reached skill level 5 in Shapeshifting
  3077 | D:5      | Reached XP level 7. HP: 44/61 MP: 6/6
  3100 | D:5      | Noticed Ijyb
  3109 | D:5      | Killed Ijyb
  3125 | D:5      | Found a shimmering blue altar of Sif Muna.
  3125 | D:5      | Found a stormy altar of Qazlal.
  3137 | D:5      | Found a shimmering altar of Xom.
  3140 | D:5      | Found an ancient bone altar of Kikubaaqudgha.
  3142 | D:5      | Found a blossoming altar of Fedhas.
  3147 | D:5      | Found a radiant altar of Vehumet.
  3183 | D:5      | Reached skill level 1 in Fighting
  3341 | D:5      | Reached * piety under Trog
  3459 | D:5      | Reached XP level 8. HP: 48/75 MP: 7/7
  3616 | D:5      | Noticed Dowan
  3617 | D:5      | Noticed Duvessa
  3622 | D:5      | Killed Dowan
  3632 | D:5      | Killed Duvessa
  3703 | D:5      | Found a staircase to the Ecumenical Temple.
  3758 | D:5      | Found a runed translucent gate.
  3758 | D:5      | Found a runed translucent gate.
  3759 | D:5      | Noticed a troll
  3760 | D:5      | Noticed SirDiesAlot's ghost (novice TrSh)
  3771 | D:5      | Identified the ring of the Magpie {Contam rPois EV+5 Int+3}
  3825 | D:5      | Noticed Sigmund
  3837 | D:5      | Killed Sigmund
  3861 | D:5      | Killed a troll
  3872 | D:5      | Killed SirDiesAlot's ghost
  3873 | D:5      | Reached XP level 9. HP: 53/81 MP: 8/8
  4081 | D:6      | Reached ** piety under Trog
  4231 | D:6      | Demolished by an ogre

Illustrated notes

Levels and vault maps discovered:
D:1:      dpeg_arrival_simpleton_a, layout_basic
D:2:      layout_loops_corners, basic_altar, chequers_serial_rivers_room_b,
          kennysheep_small_spiral
D:3:      layout_rooms, serial_shops, shop_statue, feat_on_display
D:4:      layout_basic, trog_three_pillars_becter
D:5:      layout_cave_pools, nicolae_overflow_hallway_of_the_gods,
          minmay_temple_entry_poolview, gammafunk_ghost_split,
          kb_lookout_dungeons_type, kennysheep_path_1, minmay_door_square,
          sigmund_army, uniq_duvessa, uniq_blork_the_orc, uniq_ijyb
D:6:      lemuel_castle_with_subvaults [lemuel_castle_interior_original],
          layout_rooms, uniq_jeremiah, uniq_eustachio

Skill      XL: |  1  2  3  4  5  6  7  8  9 |
---------------+----------------------------+-----
Dodging        | 2 3 4 |  4.0
Unarmed Combat | 4 5 7 8 |  8.6
Shapeshifting  | 4 5 6 7 8 |  8.8
Fighting       | 3 |  3.0

Action                     |  1- 3 |  4- 6 |  7- 9 || total
---------------------------+-------+-------+-------++-------
  Melee: Unarmed           |    34 |    69 |   281 ||   384
         Flail             |       |    40 |     1 ||    41
         Punch             |       |     2 |     3 ||     5
  Throw: Dart              |       |     1 |       ||     1
 Invoke: Berserk           |       |       |     2 ||     2
Ability: Begin Untransform |       |       |     1 ||     1
    Use: Scroll            |     5 |     8 |     1 ||    14
         Potion            |     5 |       |     5 ||    10
   Stab: Sleeping          |     1 |       |       ||     1
 Armour: Animal skin       |    11 |    26 |       ||    37
         Robe              |       |     4 |    85 ||    89
         Skin              |       |       |    11 ||    11
  Dodge: Dodged            |    12 |    52 |   232 ||   296
   Form: Flux              |       |       |     1 ||     1

Table legend: (Time is in decaauts)
 A = Elapsed time spent in this place.
 B = Non-inter-level travel time spent in this place.
 C = Inter-level travel time spent in this place.
 D = Time resting spent in this place.
 E = Time spent auto-exploring this place.
 F = Levels seen in this place.
 G = Mean time per level.
                   A        B        C        D        E       F      G
               +--------+--------+--------+--------+--------+-----+--------+
         Total |   4214 |   3994 |    220 |    144 |   2878 |   6 |  702.3 |
       Dungeon |   4214 |   3994 |    220 |    144 |   2878 |   6 |  702.3 |
               +--------+--------+--------+--------+--------+-----+--------+

Top non-repeatable levels by time:
     D:1: 1054 daAuts
     D:5: 912 daAuts
     D:4: 830 daAuts
     D:2: 745 daAuts
     D:3: 396 daAuts
     D:6: 275 daAuts
